 Dungeon Crawl Stone Soup version 0.19.5 (webtiles) character file.

105 juanjsm the Sneak (level 4, 0/22 HPs)
             Began as a Spriggan Enchanter on Mar 2, 2017.
             Slain by an orc
             ... wielding a +0 mace
              (4 damage)
             ... on level 3 of the Dungeon.
             The game lasted 00:06:12 (1851 turns).

juanjsm the Sneak (Spriggan Enchanter)              Turns: 1851, Time: 00:06:12

Health: 0/22       AC:  9    Str:  4    XL:     4   Next: 54%
Magic:  2/10       EV: 19    Int: 17    God:
Gold:   138        SH:  0    Dex: 16    Spells: 4 memorised, 0 levels left

rFire  . . .     SeeInvis +     a - +1 dagger
rCold  . . .     Gourm    .     b - +1 robe
rNeg   . . .     Faith    .     (shield restricted)
rPois  +         Spirit   .     (helmet restricted)
rElec  .         Reflect  .     p - +0 cloak
rCorr  .         Harm     .     (gloves unavailable)
MR     .....                    (boots unavailable)
Stlth  +++.......               r - amulet of magic regeneration
                                k - ring of poison resistance
                                g - +5 ring of protection

@: very quick
A: unfitting armour, see invisible, herbivore 3, speed 3, slow metabolism 2
a: no special abilities


You were on level 3 of the Dungeon.
You were hungry.

You visited 1 branch of the dungeon, and saw 3 of its levels.

You collected 138 gold pieces.

Inventory:

Hand Weapons
 a - a +1 dagger (weapon)
Armour
 b - a +1 robe (worn)
 p - a +0 cloak (worn)
Jewellery
 g - a +5 ring of protection (left hand)
 k - a ring of poison resistance (right hand)
 n - an uncursed amulet of guardian spirit
 r - an amulet of magic regeneration (around neck)
Scrolls
 e - 5 scrolls of identify {unknown}
 j - 3 scrolls of immolation {unknown}
 l - 3 scrolls of amnesia {unknown}
 o - 2 scrolls of remove curse {unknown}
 s - a scroll of enchant weapon {unknown}
Potions
 f - a potion of haste {unknown}
 h - a potion of heal wounds {unknown}
 i - a potion of mutation {unknown}
 m - a potion of might {unknown}
 q - a potion of lignification {unknown}
 t - a potion of agility {unknown}
 u - a potion of curing {unknown}
Books
 c - a book of Maledictions

   Spells                             Type                      Level
   a - Corona                         Hexes                        1
   b - Ensorcelled Hibernation        Hexes/Ice                    2
   c - Confuse                        Hexes                        3
   d - Tukima's Dance                 Hexes                        3
   e - Dazzling Spray                 Conjuration/Hexes            3
Comestibles
 d - 4 bread rations


   Skills:
 + Level 1.1 Fighting
 + Level 2.3 Short Blades
 + Level 4.3 Dodging
 + Level 5.1 Stealth
 + Level 3.4 Spellcasting
 + Level 3.9 Hexes


You couldn't memorise any spells.
You knew the following spells:

 Your Spells              Type           Power        Failure   Level  Hunger
a - Corona                Hex            ###....      3%          1    None
b - Ensorcelled Hibernat  Hex/Ice        #.....       14%         2    ##.....
c - Confuse               Hex            ###.....     12%         3    ###....
d - Dazzling Spray        Conj/Hex       #.....       24%         3    ###....


Dungeon Overview and Level Annotations

Branches:
Dungeon (3/15)

Altars:


Innate Abilities, Weirdness & Mutations

You are very small and have problems with some larger weapons.
You are too small for most types of armour.
You have supernaturally acute eyesight. (SInv)
You are a herbivore.
You cover ground extremely quickly.
You need consume almost no food.


Message History

* * * LOW HITPOINT WARNING * * *
You are too injured to fight recklessly!
The helpless orc fails to defend itself.
You impale the orc!!
You kill the orc!
Casting: Ensorcelled Hibernation
Confirm with . or Enter, or press ? or * to list all spells.
Aiming: Ensorcelled Hibernation
Press: ? - help, Shift-Dir - straight line, f - orc
Aim: an orc, wielding a mace and wearing a chain mail (chance to defeat MR: 58%)
The orc resists with significant effort.
The orc misses you.
Casting: Ensorcelled Hibernation
Confirm with . or Enter, or press ? or * to list all spells.
Aiming: Ensorcelled Hibernation
Press: ? - help, Shift-Dir - straight line, f/p - orc
Aim: an orc, wielding a mace and wearing a chain mail (chance to defeat MR: 58%)
The orc resists with significant effort.
The orc hits you with a mace.
You die...

#)..........###.# #.
###########.....#.####.
#.##..#......
###.##.######..
#.......#......
#.#....##.####.
#.###### #.
#####'###### #.
#)@)...?..... #.
#..o......... #.
###............ #.
#.............. ##
#.........$....
#>...##+####### #....#
#)...# #....#


You could see an orc.

Vanquished Creatures
  An orc wizard (D:3)
  3 adders
  A worm (D:2)
  3 dart slugs
  2 orcs (D:3)
  3 giant cockroaches
  6 hobgoblins
  A ball python (D:2)
  2 bats
  4 goblins
  8 kobolds
  8 rats
42 creatures vanquished.

Notes
Turn   | Place    | Note
-------+----------+-------------------------------------------
     0 | D:1      | juanjsm the Spriggan Enchanter began the quest for the Orb.
     0 | D:1      | Reached XP level 1. HP: 9/9 MP: 5/5
   271 | D:1      | Reached XP level 2. HP: 3/13 MP: 6/6
   275 | D:1      | Learned a level 2 spell: Ensorcelled Hibernation
   967 | D:2      | Reached XP level 3. HP: 17/17 MP: 3/8
   972 | D:2      | Learned a level 3 spell: Confuse
  1509 | D:2      | Reached skill level 5 in Stealth
  1590 | D:3      | Reached skill level 1 in Fighting
  1590 | D:3      | Reached XP level 4. HP: 22/22 MP: 0/9
  1595 | D:3      | Learned a level 3 spell: Dazzling Spray
  1709 | D:3      | Noticed an ice beast
  1851 | D:3      | Slain by an orc

Skill      XL: |  1  2  3 |
---------------+----------+-----
Spellcasting   | 3 |  3.4
Short Blades   | 2 |  2.3
Stealth        | 5 |  5.1
Fighting       | 1 |  1.1
Dodging        | 4 |  4.3
Hexes          | |  3.9

Action                   |  1- 3 |  4- 6 || total
-------------------------+-------+-------++-------
Melee: Dagger            |   113 |    31 ||   144
 Cast: Corona            |     8 |       ||     8
       Ensorcelled Hiber |    15 |     7 ||    22
       Confuse           |       |     5 ||     5
 Stab: Sleeping          |    19 |     3 ||    22
       Distracted        |     1 |       ||     1
       Confused          |       |     1 ||     1
Armor: Robe              |    23 |     6 ||    29
Dodge: Dodged            |   109 |    19 ||   128
